 Dungeon Crawl Stone Soup version 0.30.0-29-ga12c61a403 (webtiles) character file.

Game seed: 11881191904636581563

149 ChadusMaximus the Shield-Bearer (level 5, -3/42 HPs)
             Began as a Formicid Fighter on June 17, 2023.
             Killed by nerve-wracking pain
             ... invoked by Grinder
              (9 damage)
             ... on level 3 of the Dungeon.
             The game lasted 00:01:31 (1780 turns).

ChadusMaximus the Shield-Bearer (Formicid Fighter)  Turns: 1780, Time: 00:01:32

Health: -3/42      AC:  8    Str: 22    XL:     5   Next: 57%
Magic:  5/5        EV:  9    Int:  8    God:
Gold:   179        SH:  5    Dex: 13    Spells: 4/4 levels left

rFire   . . .        a - +0 war axe
rCold   . . .        c - +0 buckler
rNeg    . . .        b - +0 scale mail
rPois   .            (helmet unavailable)
rElec   .            (no cloak)
rCorr   .            (no gloves)
SInv    +            s - +0 pair of boots
Will    .....        (no amulet) Stlth
                     (no ring)
HPRegen 0.27/turn    (no ring)
MPRegen 0.09/turn

%: no passive effects
@: no status effects
A: permanent stasis, dig shafts and tunnels, antennae 3, four strong arms
a: Dig, Shaft Self


You were on level 3 of the Dungeon.
You visited 1 branch of the dungeon, and saw 3 of its levels.

You collected 179 gold pieces.

Inventory:

Hand Weapons
 a - a +0 war axe (weapon)
Missiles
 t - a boomerang
Armour
 b - a +0 scale mail (worn)
 c - a +0 buckler (worn)
 s - a +0 pair of boots (worn)
Scrolls
 e - 2 scrolls of enchant weapon {unknown}
 f - 2 scrolls of fear {unknown}
 g - 2 scrolls of blinking {unknown}
 l - a scroll of torment {unknown}
 m - a scroll of fog {unknown}
 n - 2 scrolls of immolation {unknown}
 p - a scroll of identify {unknown}
 q - a scroll of noise {unknown}
 u - a scroll of teleportation {unknown}
Potions
 d - 2 potions of might
 h - 2 potions of cancellation {unknown}
 i - 3 potions of heal wounds {unknown}
 j - 2 potions of curing {unknown}
 k - a potion of magic {unknown}
 o - a potion of mutation {unknown}
 r - a potion of lignification {unknown}
 v - a potion of flight {unknown}
 w - a potion of degeneration {unknown}


   Skills:
 + Level 4.1 Fighting
 * Level 3.5 Axes
 + Level 4.1 Armour
 + Level 5.0 Shields


You had 4 spell levels left.
You didn't know any spells.
Your spell library contained the following spells:

 Spells                   Type           Power      Damage    Failure   Level
 Apportation              Tloc           0%         N/A       80%         1
 Necrotise                Necr           0%         1d4       80%         1
 Summon Small Mammal      Summ           0%         N/A       80%         1
 Arcjolt                  Conj/Air       0%         1d10      100%        5
 Plasma Beam              Fire/Air       0%         2x1d11    100%        6
 Vhi's Electric Charge    Tloc/Air       Unusable   N/A       N/A         3

Dungeon Overview and Level Annotations

Branches:
Dungeon (3/15)

Altars:

Annotations:
D:3 1 runed translucent door, Crazy Yiuf, Grinder


Innate Abilities, Weirdness & Mutations

You cannot be hasted, slowed, berserked, paralysed or teleported.
You can dig through walls and to a lower floor.
You have a pair of large antennae on your head. (SInv)
Your four strong arms can wield two-handed weapons with a shield.


Message History

You slash Grinder!
Grinder is lightly wounded.
Grinder hits you.
You writhe in agony.
You hit Grinder but do no damage.
Grinder is lightly wounded.
Grinder zaps a wand.
The puff of flame hits you. Grinder hits you but does no damage.
You slash Grinder!
Grinder is moderately wounded.
Grinder hits you but does no damage.
You barely miss Grinder.
Grinder is moderately wounded.
Grinder hits you!
You writhe in agony.
* * * LOW HITPOINT WARNING * * *
Grinder says, "DUCK!"
Grinder hits you.
* * * LOW HITPOINT WARNING * * *
You writhe in agony.
* * * LOW HITPOINT WARNING * * *
You barely miss Grinder.
Grinder is moderately wounded.
You block Grinder's attack.
You hit Grinder.
Grinder is heavily wounded.
Grinder hits you but does no damage.
You closely miss Grinder.
Grinder is heavily wounded.
You block Grinder's attack. Grinder closely misses you.
You barely miss Grinder.
Grinder is heavily wounded.
Grinder gestures at you.
You struggle to resist.
You hit Grinder.
Grinder is heavily wounded.
Grinder hits you but does no damage.
You hit Grinder.
Grinder is heavily wounded.
Grinder gestures at you. Pain shoots through your body!
You die...

##...######## #<#
#.[# ...#.........
{#.# #..#
##.>.######## #.#
##### #..# ##.##
#.###...###..#####
###.#
#......<.........#
....#
#.###....##..###.#
##### #.#
####.##..# #.#
#.######.##..# #.#
#@...........# #)#
#5######....## #.#
#.# ###.##.# #.#
..# ##...##.# #.#
#.###..####.# #.#
#.##...# #.# #.#
###....# #.# #.#
#+..+# #.# #..
#....# #.## ###


You could see Grinder.

Vanquished Creatures
  An iguana (D:2)
  3 gnolls (D:3)
  2 adders (D:2)
  A worm (D:3)
  2 dart slugs
  4 orcs
  5 bats
  3 endoplasms (D:1)
  6 giant cockroaches
  5 goblins
  6 hobgoblins
  A quokka (D:1)
  4 ball pythons
  2 frilled lizards
  13 kobolds
  9 rats
67 creatures vanquished.

Notes
Turn   | Place    | Note
-------+----------+-------------------------------------------
     0 | D:1      | ChadusMaximus the Formicid Fighter began the quest for the
                  | Orb.
     0 | D:1      | Reached XP level 1. HP: 18/18 MP: 1/1
   152 | D:1      | Reached XP level 2. HP: 24/24 MP: 2/2
   287 | D:1      | Reached XP level 3. HP: 29/29 MP: 3/3
   862 | D:2      | Reached XP level 4. HP: 37/37 MP: 4/4
  1112 | D:2      | Reached XP level 5. HP: 27/42 MP: 5/5
  1561 | D:3      | Found a runed translucent door.
  1562 | D:3      | Noticed Crazy Yiuf
  1636 | D:3      | Reached skill level 5 in Shields
  1767 | D:3      | Noticed Grinder
  1780 | D:3      | Killed from afar by Grinder

Illustrated notes

Levels and vault maps discovered:
D:1:      dpeg_arrival_pond, layout_basic, st_stairs_8
D:2:      layout_rooms, serial_corexii_hall, corexii_hall_statues_u,
          chequers_hall_statues_corner_a, corexii_hall_statues_t,
          corexii_hall_statues_x, minmay_pentomino_q4
D:3:      layout_loops_ring, uniq_grinder, uniq_crazy_yiuf_cottage

Skill      XL: |  1  2  3  4  5 |
---------------+----------------+-----
Axes           | 3 |  3.5
Armour         | 4 |  4.1
Fighting       | 4 |  4.1
Shields        | 5 |  5.0

Action                     |  1- 3 |  4- 6 || total
---------------------------+-------+-------++-------
  Melee: War axe           |    90 |    87 ||   177
Ability: Dig               |       |     1 ||     1
 Armour: Scale mail        |    32 |    32 ||    64
  Dodge: Dodged            |    49 |    36 ||    85
  Block: Buckler           |    20 |    23 ||    43
